 Dungeon Crawl Stone Soup version 0.23-a0-261-g133332c (console) character file.

2095 nht the Slicer (level 9, -2/54 HPs)
             Began as an Octopode Hunter on Sept 29, 2018.
             Was an Initiate of Ashenzari.
             Slain by a hippogriff (9 damage)
             ... on level 7 of the Dungeon.
             The game lasted 00:10:53 (6710 turns).

nht the Slicer (Octopode Hunter)                    Turns: 6710, Time: 00:10:53

Health: -2/54      AC:  1    Str: 11    XL:     9   Next: 27%
Magic:  9/9        EV: 11    Int: 14    God:    Ashenzari [......]
Gold:   66         SH: 10    Dex: 15    Spells: 8/8 levels left

rFire    . . .     SeeInvis .   b - +1 dagger (elec) (curse)
rCold    + . .     Gourm    .   r - +1 shield (curse)
rNeg     . . .     Faith    .   (helmet restricted)
rPois    .         Spirit   .   (no amulet)
rElec    .         Reflect  .   g - ring of protection from cold
rCorr    .         Harm     .   (no ring)
MR       .....                  (no ring)
Stlth    +++.......             (no ring)
HPRegen  0.18/turn              (no ring)
MPRegen  0.11/turn              (no ring)
                                (no ring)
                                (no ring)

@: no status effects
A: almost no armour, stealthy swim, amphibious, 8 rings, constrict 8, camouflage
1, gelatinous body 1
a: Curse Item, Renounce Religion


You were on level 7 of the Dungeon.
You worshipped Ashenzari.
Ashenzari was noncommittal.
You were not hungry.

You visited 2 branches of the dungeon, and saw 8 of its levels.

You collected 367 gold pieces.
You spent 301 gold pieces at shops.

Inventory:

Hand Weapons
 a - a +1 hunting sling
 b - a cursed +1 dagger of electrocution (weapon)
Missiles
 j - 139 stones (quivered)
 l - 49 sling bullets
 s - 15 tomahawks
 y - 16 poisoned needles
Armour
 r - a cursed +1 shield (worn)
Jewellery
 g - a ring of protection from cold (left tentacle)
 q - an uncursed ring of flight
Wands
 n - a wand of acid (4)
 w - a wand of polymorph (10)
 D - a wand of disintegration (8)
Scrolls
 c - a scroll of amnesia {unknown}
 f - a scroll of magic mapping {unknown}
 h - a scroll of noise {unknown}
 i - 3 scrolls of teleportation
 k - 2 scrolls of random uselessness {unknown}
 o - 2 scrolls of blinking
 p - 4 scrolls of identify
 t - 2 scrolls of enchant armour
 C - 2 scrolls of fear
Potions
 e - a potion of curing
 m - a potion of mutation {unknown}
 v - a potion of agility
 x - a potion of cancellation
 z - a potion of heal wounds
 A - a potion of magic
 B - 2 potions of resistance
Comestibles
 d - 19 rations
 u - 2 chunks of flesh


   Skills:
 - Level 2.0 Fighting
 + Level 9.0 Short Blades
 - Level 7.2 Slings
 - Level 2.0 Dodging
 - Level 1.3 Stealth
 - Level 4.7 Shields


You had 8 spell levels left.
You didn't know any spells.
Your spell library was empty.

Dungeon Overview and Level Annotations

Branches:
Dungeon (7/15)             Temple (1/1) D:6

Altars:
Ashenzari
Cheibriados
Dithmenos
Elyvilon
Fedhas
Gozag
Hepliaklqana
Kikubaaqudgha
Makhleb
Nemelex Xobeh
Okawaru
Qazlal
Ru
Sif Muna
Uskayaw
Wu Jian
Xom
Yredelemnul
Zin
The Shining One

Shops:
D:4 *=*(


Innate Abilities, Weirdness & Mutations

You cannot wear most types of armour.
You are very stealthy in the water. (Stealth+)
You are amphibious.
You can wear up to eight rings at the same time.
You can use your tentacles to constrict eight enemies at once.
Your skin changes colour to match your surroundings (Stealth+).
Your rubbery body absorbs attacks. (AC +1, EV +1)


Message History

You hit the hippogriff but do no damage.
Your squeeze misses the hippogriff.
The hippogriff is severely wounded.
You hit the hippogriff.
The hippogriff is almost dead.
The hippogriff completely misses you. You block the hippogriff's attack.
The hippogriff claws you!
You hit the hippogriff.
The hippogriff is almost dead.
The hippogriff bites you.
* * * LOW HITPOINT WARNING * * *
You block the hippogriff's attack. The hippogriff claws you!
* * * LOW HITPOINT WARNING * * *
You are too injured to fight recklessly!
You completely miss the hippogriff.
The hippogriff is almost dead.
You hit the hippogriff.
The hippogriff is almost dead.
The hippogriff bites you!
You die... █....███ ██.....███ █<.██.<..█ █.█ █..█.██ █.. ██....█ █ █.█ ██.█.█ ████ ██.█ █.█.███... █H.█ █.█.██.... ██@█

██......██.
█..█
█.....█████
█.██
████.███..███.
███.████....█
█..█≈≈)
█...█....████
██.█÷..
..██.██..████
█.....
........██
█...♣.
.....████
██.... .....
██≈..


You could see a hippogriff.

Vanquished Creatures
  6 yaks (D:7)
  An orc warrior (D:7)
  A phantom (D:6)
  An ogre (D:7)
  2 centaurs
  A big kobold (D:5)
  A bullfrog (D:6)
  A centaur zombie (D:7)
  A hound (D:5)
  Crazy Yiuf (D:4)
  3 orc priests
  4 orc wizards
  A centaur skeleton (D:4)
  2 iguanas
  6 worker ants
  Robin (D:4)
  5 adders
  A shadow imp (D:6)
  2 adder zombies
  2 worms (D:2)
  3 dart slugs
  2 leopard geckos (D:6)
  12 orcs
  A ball python (D:1)
  4 bats (D:2)
  4 giant cockroaches
  14 goblins
  6 hobgoblins
  10 jackals
  A quokka (D:4)
  A frilled lizard (D:3)
  4 kobolds
  A leopard gecko skeleton (D:5)
  A quokka zombie (D:5)
  5 rats
112 creatures vanquished.

Vanquished Creatures (others)
  A quokka (D:7)
1 creature vanquished.

Grand Total: 113 creatures vanquished

Notes
Turn   | Place    | Note
-------+----------+-------------------------------------------
     0 | D:1      | nht the Octopode Hunter began the quest for the Orb.
     0 | D:1      | Reached XP level 1. HP: 14/14 MP: 1/1
   688 | D:2      | Reached XP level 2. HP: 19/19 MP: 2/2
  1051 | D:2      | Reached XP level 3. HP: 24/24 MP: 3/3
  1110 | D:2      | Found a sacrificial altar of Ru.
  1125 | D:2      | Reached skill level 5 in Slings
  1733 | D:2      | Became a worshipper of Ru the Awakened
  1862 | D:3      | Reached XP level 4. HP: 29/29 MP: 4/4
  1898 | D:3      | Found an opulent altar of Gozag.
  1900 | D:3      | Found a basalt altar of Yredelemnul.
  1901 | D:3      | Found a blossoming altar of Fedhas.
  1901 | D:3      | Found a stormy altar of Qazlal.
  1969 | D:3      | Reached skill level 1 in Shields
  2721 | D:4      | Found Bayrhuuc's Assorted Antiques.
  2729 | D:4      | Bought a scroll labeled SUQYCA KIDU for 30 gold pieces
  2729 | D:4      | Bought an orange potion for 27 gold pieces
  2729 | D:4      | Bought a gold wand for 120 gold pieces
  2864 | D:4      | Noticed Robin
  2919 | D:4      | Killed Robin
  2919 | D:4      | Reached XP level 5. HP: 12/34 MP: 5/5
  3190 | D:4      | Found Teongo's Jewellery Emporium.
  3193 | D:4      | Found Zuoth's Assorted Antiques.
  3394 | D:4      | Found Ykkuruz's Antique Weapon Shoppe.
  3567 | D:4      | Found a runed door.
  3603 | D:4      | Noticed Crazy Yiuf
  3607 | D:4      | Killed Crazy Yiuf
  3607 | D:4      | Reached XP level 6. HP: 39/39 MP: 6/6
  3642 | D:5      | Entered Level 5 of the Dungeon
  4716 | D:5      | Reached XP level 7. HP: 39/45 MP: 7/7
  5074 | D:6      | Found a burning altar of Makhleb.
  5144 | D:6      | Found a staircase to the Ecumenical Temple.
  5149 | Temple   | Entered the Ecumenical Temple
  5258 | Temple   | Fell from the grace of Ru
  5258 | Temple   | Became a worshipper of Ashenzari the Shackled
  5327 | D:6      | Reached skill level 1 in Short Blades
  5341 | D:6      | Reached skill level 2 in Short Blades
  5415 | D:6      | Reached skill level 3 in Short Blades
  5455 | D:6      | Reached XP level 8. HP: 24/50 MP: 8/8
  5676 | D:4      | Bought an orange potion for 30 gold pieces
  5676 | D:4      | Bought an inky potion for 30 gold pieces
  5676 | D:4      | Bought a scroll labeled DAEFEN SAMPAUL for 34 gold pieces
  5713 | D:4      | Bought a scroll labeled DAEFEN SAMPAUL for 30 gold pieces
  5810 | D:6      | Reached skill level 4 in Short Blades
  6254 | D:7      | Noticed a yak
  6255 | D:7      | Noticed a yak
  6256 | D:7      | Noticed a yak
  6256 | D:7      | Noticed a yak
  6257 | D:7      | Noticed a yak
  6260 | D:7      | Noticed a yak
  6265 | D:7      | Killed a yak
  6265 | D:7      | Reached skill level 5 in Short Blades
  6268 | D:7      | Killed a yak
  6273 | D:7      | Killed a yak
  6273 | D:7      | Reached skill level 6 in Short Blades
  6275 | D:7      | Killed a yak
  6275 | D:7      | Reached skill level 7 in Short Blades
  6279 | D:7      | Killed a yak
  6282 | D:7      | Killed a yak
  6282 | D:7      | Reached skill level 8 in Short Blades
  6282 | D:7      | Reached XP level 9. HP: 47/54 MP: 9/9
  6297 | D:7      | Found a white marble altar of Elyvilon.
  6660 | D:7      | Reached skill level 9 in Short Blades
  6710 | D:7      | Slain by a hippogriff

Vault maps used:
D:1:      ebering_hopf_link, serial_forest, infiniplex_forest_zigzag_1,
          infiniplex_forest_end_2, infiniplex_forest_clump_medium,
          infiniplex_forest_end_3, infiniplex_forest_clump_small,
          infiniplex_forest_clump_diagonal, infiniplex_forest_lined_2
D:2:      lemuel_round_altar, hangedman_decor_riveting
D:3:      chequers_temple_overflow_statue_of_worship
D:4:      serial_shops, shop, nicolae_shop_temple_entry_statues_fountains,
          nicolae_shop_crystal, kennysheep_mini, uniq_robin,
          uniq_crazy_yiuf_cottage
D:5:      first_ration
D:6:      nicolae_overflow_crystal_walls, temple_statues
D:7:      lemuel_coloured_pillars_altar, elyvilon_altar_4, lemuel_round_altar
Temple:   dshaligram_water_room_temple

Skill      XL: |  1  2  3  4  5  6  7  8  9 |
---------------+----------------------------+-----
Slings         | 5 6 7 |  7.2
Shields        | 2 3 4 |  4.7
Short Blades   | 3 8 9 |  9.0
Fighting       | |  2.0
Dodging        | |  2.0
Stealth        | |  1.3

Action                   |  1- 3 |  4- 6 |  7- 9 || total
-------------------------+-------+-------+-------++-------
Melee: Short sword       |       |     6 |       ||     6
       Dagger            |       |    24 |   121 ||   145
       Tentacles         |       |     7 |    28 ||    35
       Constrict         |       |     4 |    21 ||    25
 Fire: Hunting sling     |    95 |   139 |       ||   234
Invok: Curse Item        |       |       |     2 ||     2
Evoke: Wand              |       |    14 |     1 ||    15
  Use: Potion            |       |     4 |     2 ||     6
       Scroll            |       |     4 |     6 ||    10
 Stab: Sleeping          |       |     1 |     7 ||     8
  Eat: Chunk             |     2 |     6 |     6 ||    14
       Ration            |       |     1 |       ||     1
Armor: Skin              |     3 |    27 |     5 ||    35
Dodge: Dodged            |    29 |    39 |    32 ||   100
Block: Shield            |     1 |    47 |    31 ||    79

Table legend:
 A = Non-vault XP
 B = Vault XP
 C = Vault XP percentage of total XP
 D = Non-vault monster count
 E = Vault monster count
 F = Vault count percentage of total count
                 A         B        C        D         E       F
            +---------+---------+-------+---------+---------+-------
      Total |    2912 |      81 |   2.7 |      98 |      14 |  12.5
            +---------+---------+-------+---------+---------+-------
        D:1 |       9 |       0 |   0.0 |       6 |       0 |   0.0
        D:2 |      63 |       0 |   0.0 |      17 |       0 |   0.0
        D:3 |      46 |       0 |   0.0 |      17 |       0 |   0.0
        D:4 |     145 |      81 |  35.8 |      12 |      14 |  53.8
        D:5 |     404 |       0 |   0.0 |      10 |       0 |   0.0
        D:6 |     537 |       0 |   0.0 |      21 |       0 |   0.0
        D:7 |    1708 |       0 |   0.0 |      15 |       0 |   0.0
            +---------+---------+-------+---------+---------+-------
